 Dungeon Crawl Stone Soup version 0.29-a0-919-gd064cfad1c (webtiles) character file.

Game seed: 8533771604956453269

30 Sobieck the Shooter (level 2, -1/24 HPs)
             Began as a Demigod Hunter on July 26, 2022.
             Slain by a gnoll
             ... wielding a +0 spear
              (6 damage)
             ... on level 1 of the Dungeon.
             The game lasted 00:01:15 (439 turns).

Sobieck the Shooter (Demigod Hunter)                 Turns: 439, Time: 00:01:16

Health: -1/24      AC:  3    Str: 12    XL:     2   Next: 84%
Magic:  4/4        EV: 12    Int: 11    God:
Gold:   22         SH:  0    Dex: 17    Spells: 1/1 levels left

rFire   . . .      SeeInvis .   a - +0 shortbow {bow}
rCold   . . .      Faith    .   (shield currently unavailable)
rNeg    . . .      Spirit   .   c - +0 leather armour
rPois   .          Reflect  .   (no helmet)
rElec   .          Harm     .   (no cloak)
rCorr   .          Rampage  .   (no gloves)
Will    .....                   (no boots)
Stlth   ++........              (no amulet)
HPRegen 0.08/turn               (no ring)
MPRegen 0.09/turn               (no ring)

@: no status effects
A: high MP 1, forlorn, divine attributes
a: no special abilities


You were on level 1 of the Dungeon.
You visited 1 branch of the dungeon, and saw 1 of its levels.

You collected 22 gold pieces.


Innate Abilities, Weirdness & Mutations

You have an increased reservoir of magic. (+10% MP)
You shall have no god before yourself.
Your divine heritage dramatically boosts your attributes as you level up.


   Skills:
 + Level 2.1 Fighting
 * Level 4.0 Ranged Weapons
 + Level 0.8 Armour
 + Level 2.1 Dodging
 - Level 0.8 Stealth


You had one spell level left.
You didn't know any spells.
Your spell library was empty.

Inventory:

Hand Weapons
 a - a +0 shortbow (weapon) {bow}
Missiles
 j - 2 javelins {throwing}
 l - 8 stones {throwing}
Armour
 c - a +0 leather armour (worn)
 e - a +0 robe
   (You found it on level 1 of the Dungeon)
 m - a +0 ring mail
   (You found it on level 1 of the Dungeon)
 n - a +0 leather armour
   (You found it on level 1 of the Dungeon)
Scrolls
 b - a scroll of immolation {!r!r}
 d - a scroll of fog {unknown}
 i - a scroll of identify {unknown}
Potions
 f - a potion of ambrosia {unknown}
 g - 3 potions of curing {unknown}
 h - a potion of might {unknown}
 k - a potion of haste {unknown}

Dungeon Overview and Level Annotations

Branches:
Dungeon (1/15) Zot: 5539

...........†...#.)##............
###..##.#.#.#..#...)#..........#.
..........#.#..#....#..........##
####.##.#.##...##..#...........##
.................###...#.........
.......##.##....... .#...........
..........##...... ....#..##.##
..........##..######.#.........##
.......#......g.@....#.#.#..#..##
#.....##..##..########......#..##
#.###.##..##..########..##..#..##
........................##.......
#.###.##.........#.###.........##
#####.#..........#.###...........
#...........#.............#....
#.#..............##............
#.#####.#..##..#.##..........##


You could see a gnoll.


Message History

No target in view!
No target in view!
g - 3 cyan potions (gained 1)
n - a +0 leather armour
Found a stone staircase leading down.
Unknown command.
A gnoll comes into view. It is wielding a +0 spear.
Danger!
You shoot an arrow.
The arrow hits the gnoll but does no damage.
The gnoll shouts!
A ball python comes into view.
You shoot an arrow. The ball python hisses angrily.
The arrow hits the gnoll.
You shoot an arrow. The arrow completely misses the gnoll.
You shoot an arrow. The arrow barely misses the gnoll.
The gnoll hits you from afar with a +0 spear.
You shoot an arrow. The arrow closely misses the gnoll.
The gnoll closely misses you.
You shoot an arrow.
The arrow closely misses the ball python.
The ball python misses you. x2
The gnoll hits you from afar with a +0 spear.
The ball python completely misses you. The ball python closely misses you.
You shoot an arrow.
The arrow barely misses the ball python.
The gnoll hits you from afar with a +0 spear.
The ball python bites you. The ball python grabs you.
The ball python constricts you. The gnoll misses you.
The ball python bites you. The ball python constricts you.
You escape the ball python's grasp.
The ball python barely misses you. The ball python grabs you.
The ball python constricts you.
The ball python's grasp on you weakens, but your attempt to escape fails.
The gnoll closely misses you.
The ball python bites you but does no damage.
The ball python constricts you.
You escape the ball python's grasp.
The ball python attacks as you move away!
The ball python bites you but does no damage.
Unknown command.
The ball python attacks as you move away!
The ball python bites you but does no damage.
Unknown command.
The ball python barely misses you. x2
The ball python attacks as you move away!
The ball python barely misses you. x2
The ball python misses you. The ball python grabs you.
The ball python constricts you.
Fire: a) +0 shortbow {bow}
Press: ? - help, Q - select action, (/) - cycle Shift-Dir - straight line, f/p - ball python
Aim: a ball python (constricting you, 60% to hit)
You shoot an arrow. The arrow hits the ball python.
The ball python bites you but does no damage.
The ball python constricts you.
Fire: a) +0 shortbow {bow}
Press: ? - help, Q - select action, (/) - cycle Shift-Dir - straight line, f/p - ball python
Aim: a ball python (severely wounded, constricting you, 60% to hit)
You shoot an arrow.
The arrow barely misses the ball python.
The ball python bites you. The ball python constricts you.
The gnoll hits you from afar with a +0 spear.
* * * LOW HITPOINT WARNING * * *
The ball python bites you but does no damage.
The ball python constricts you.
Fire: a) +0 shortbow {bow}
Press: ? - help, Q - select action, (/) - cycle Shift-Dir - straight line, f/p - ball python
Aim: a ball python (severely wounded, constricting you, 60% to hit)
You shoot an arrow.
The arrow barely misses the ball python.
The gnoll hits you from afar with a +0 spear.
* * * LOW HITPOINT WARNING * * *
The ball python barely misses you. The ball python constricts you.
* * * LOW HITPOINT WARNING * * *
The gnoll hits you from afar with a +0 spear.
* * * LOW HITPOINT WARNING * * *
Fire: a) +0 shortbow {bow}
Press: ? - help, Q - select action, (/) - cycle Shift-Dir - straight line, f/p - ball python
Aim: a ball python (severely wounded, constricting you, 60% to hit)
You shoot an arrow. The arrow hits the ball python.
You kill the ball python!
The gnoll barely misses you.
Fire: a) +0 shortbow {bow}
Press: ? - help, Q - select action, (/) - cycle Shift-Dir - straight line, f - gnoll
Aim: a gnoll, wielding a +0 spear (moderately wounded, 66% to hit)
You shoot an arrow.
The arrow hits the gnoll but does no damage.
The gnoll barely misses you.
Fire: a) +0 shortbow {bow}
Press: ? - help, Q - select action, (/) - cycle Shift-Dir - straight line, f/p - gnoll
Aim: a gnoll, wielding a +0 spear (moderately wounded, 66% to hit)
You shoot an arrow. The arrow hits the gnoll!
The gnoll hits you from afar with a +0 spear.
* * * LOW HITPOINT WARNING * * *
The gnoll hits you from afar with a +0 spear.
You die...

Skill      XL: |  1  2 |
---------------+-------+-----
Fighting       | 2 |  2.1
Dodging        | 2 |  2.1
Ranged Weapons | 4 |  4.0
Armour         | |  0.8
Stealth        | |  0.8

Action                   || total
-------------------------++-------
 Fire: Shortbow          ||    60
Armor: Leather armour    ||    14
Dodge: Dodged            ||    27

Levels and vault maps discovered:
D:1:      dpeg_arrival_rooms_a, layout_basic, minmay_tetromino_l4

Notes
Turn   | Place    | Note
-------+----------+-------------------------------------------
     0 | D:1      | Sobieck the Demigod Hunter began the quest for the Orb.
     0 | D:1      | Reached XP level 1. HP: 17/17 MP: 3/3
   158 | D:1      | Reached skill level 2 in Fighting
   158 | D:1      | Reached skill level 2 in Dodging
   158 | D:1      | Reached XP level 2. HP: 24/24 MP: 4/4
   323 | D:1      | Reached skill level 4 in Ranged Weapons
   439 | D:1      | HP: 5/24 [gnoll/+0 spear (3)]
   439 | D:1      | Slain by a gnoll

Vanquished Creatures
  A gnoll (D:1)
  A ball python (D:1)
  4 bats (D:1)
  An endoplasm (D:1)
  3 giant cockroaches (D:1)
  5 goblins (D:1)
  A rat (D:1)
16 creatures vanquished.

Table legend:
 A = Non-vault XP
 B = Vault XP
 C = Vault XP percentage of total XP
 D = Non-vault monster count
 E = Vault monster count
 F = Vault count percentage of total count
                 A         B        C        D         E       F
            +---------+---------+-------+---------+---------+-------
      Total |      37 |       6 |  14.0 |      13 |       3 |  18.8
            +---------+---------+-------+---------+---------+-------
        D:1 |      37 |       6 |  14.0 |      13 |       3 |  18.8
            +---------+---------+-------+---------+---------+-------

Illustrated notes

Table legend:
 A = Kills in this place as a percentage of kills in entire the game.
 B = Kills by you in this place as a percentage of kills by you in the entire game.
 C = Kills by friends in this place as a percentage of kills by friends in the entire game.
 D = Other kills in this place as a percentage of other kills in the entire game.
 E = Experience gained in this place as a percentage of experience gained in the entire game.
 F = Experience gained in this place divided by the number of levels of this place that you have seen.
                   A       B       C       D       E      F
               +-------+-------+-------+-------+-------+----------------------
         Total | 100.0 | 100.0 |   N/A |   N/A | 100.0 |  43.0
       Dungeon | 100.0 | 100.0 |   N/A |   N/A | 100.0 |  43.0
               +-------+-------+-------+-------+-------+----------------------

Table legend: (Time is in decaauts)
 A = Elapsed time spent in this place.
 B = Non-inter-level travel time spent in this place.
 C = Inter-level travel time spent in this place.
 D = Time resting spent in this place.
 E = Time spent auto-exploring this place.
 F = Levels seen in this place.
 G = Mean time per level.
                   A        B        C        D        E       F      G
               +--------+--------+--------+--------+--------+-----+--------+
         Total |    458 |    458 |      0 |      0 |    338 |   1 |  458.0 |
       Dungeon |    458 |    458 |      0 |      0 |    338 |   1 |  458.0 |
               +--------+--------+--------+--------+--------+-----+--------+

Top non-repeatable levels by time:
     D:1: 458 daAuts
